AoeStats
← zdenekvais

Arena

510150854Analyzed
2v2 RM · 1d ago on Sep 29, 2026· 58m 15s· 4 players
Game mode
Random Map
Map size
Medium (4 player)
Population
200
Speed
Normal
Resources
Standard
Victory
Conquest
Starting age
Dark Age
Ending age
Imperial Age
RankedLock teamsTeams togetherTeam positionsShared explorationLock speedFull tech treeHidden civsTurbo modeCheats
Victory
Defeat
🇹🇼 Mongols · Taiwan
798
+13
🇩🇪 Britons · Germany
738
+15
🇨🇿 Khmer · Czechia
886
-20
🇨🇿 Franks · Czechia
558
-8
MarcSalas
12:20 Feudal Age
12:40 Loom
17:07 Castle Age
15:52 Double-Bit Axe
16:11 Horse Collar
16:48 Gold Mining
17:31 Stone Mining
25:21 Wheelbarrow
25:15 Heavy Plow
25:29 Bow Saw
26:26 Gold Shaft Mining
27:35 Padded Archer Armor
27:26 Fletching
29:22 Hand Cart
29:01 Crossbowman
29:59 Leather Archer Armor
29:40 Bodkin Arrow
30:41 Town Watch
33:45 Imperial Age
36:03 Chemistry
35:10 Town Patrol
36:00 Elite Longbowman
37:28 Ring Archer Armor
36:59 Bracer
40:05 Yeomen
39:18 Arbalester
41:28 Caravan
42:57 Ballistics
42:27 Guard Tower
42:23 Arrowslits
46:12 Keep
50:24 Two-Man Saw
51:51 Heavy Scorpion
54:01 Warwolf
小草頂呱呱
9:47 Feudal Age
10:56 Feudal Age
14:42 Loom
17:28 Castle Age
17:47 Horse Collar
19:16 Thumb Ring
20:54 Double-Bit Axe
24:29 Gold Mining
24:30 Stone Mining
27:34 Ballistics
29:44 Nomads
33:20 Imperial Age
31:18 Murder Holes
32:50 Gold Shaft Mining
33:02 Fervor
34:31 Stone Shaft Mining
34:40 Wheelbarrow
33:51 Town Watch
34:48 Conscription
35:23 Husbandry
35:36 Bloodlines
37:37 Heavy Plow
37:51 Bow Saw
40:34 Forging
40:24 Scale Mail Armor
40:29 Scale Barding Armor
40:20 Fletching
40:40 Siege Engineers
41:21 Hand Cart
41:07 Town Patrol
42:26 Iron Casting
43:41 Elite Mangudai
44:29 Cavalier
45:41 Parthian Tactics
44:43 Elite Mangudai
50:59 Elite Mangudai
53:49 Drill
55:52 Chain Barding Armor
56:32 Blast Furnace
55:28 Bodkin Arrow
zdenekvais
11:36 Feudal Age
12:03 Double-Bit Axe
21:04 Castle Age
20:15 Forging
22:13 Pikeman
24:32 Scale Mail Armor
25:36 Scale Barding Armor
28:06 Padded Archer Armor
30:04 Husbandry
30:26 Chain Mail Armor
31:10 Fortified Wall
31:54 Bow Saw
35:49 Stone Mining
35:50 Gold Mining
37:26 Chain Barding Armor
37:42 Iron Casting
37:26 Leather Archer Armor
39:33 Gold Shaft Mining
41:00 Ballistics
40:34 Fletching
41:33 Bodkin Arrow
41:26 Light Cavalry
41:53 Elite Skirmisher
47:55 Imperial Age
50:25 Cavalier
Schiza
10:45 Feudal Age
15:34 Castle Age
13:43 Double-Bit Axe
14:04 Horse Collar
17:17 Bow Saw
18:57 Loom
19:24 Stone Mining
22:37 Gold Mining
25:15 Gold Shaft Mining
25:30 Scale Barding Armor
26:19 Stone Shaft Mining
26:52 Chain Barding Armor
28:37 Town Watch
31:52 Imperial Age
30:03 Scale Mail Armor
30:52 Forging
32:11 Bloodlines
32:47 Iron Casting
32:03 Fletching
32:14 Padded Archer Armor
33:16 Plate Barding Armor
33:32 Ballistics
34:13 Chemistry
33:16 Murder Holes
34:32 Husbandry
35:49 Blast Furnace
34:46 Bodkin Arrow
35:07 Leather Archer Armor
35:41 Siege Engineers
36:36 Tusk Swords
37:13 Light Cavalry
39:01 Pikeman
39:18 Hussar
41:30 Conscription
42:48 Double Crossbow
44:53 Halberdier
46:08 Chain Mail Armor
Connection lost

Rejoining the realm…

Still unreachable

The connection could not be restored.

Session expired

The server has moved on; the page needs a fresh start.